 Dungeon Crawl Stone Soup version 0.26-a0-646-g5d7718319a (webtiles) character file.

Game seed: 10094671355305107896

89 DogServant the Grave Robber (level 4, -7/36 HPs)
             Began as a Ghoul Necromancer on Sept 23, 2020.
             Mangled by an ogre
             ... wielding a +0 giant spiked club
              (21 damage)
             ... on level 4 of the Dungeon on Sept 24, 2020.
             The game lasted 00:07:43 (3273 turns).

DogServant the Grave Robber (Ghoul Necromancer)     Turns: 3273, Time: 00:07:43

Health: -7/36      AC:  2    Str: 11    XL:     4   Next: 55%
Magic:  1/5        EV: 12    Int: 11    God:
Gold:   204        SH:  0    Dex:  9    Spells: 1/6 levels left

rFire    . . .     SeeInvis .   d - +1 dagger (elec)
rCold    + . .     Faith    .   (no shield)
rNeg     + + +     Spirit   .   a - +0 robe
rPois    ∞         Reflect  .   (no helmet)
rElec    .         Harm     .   (no cloak)
rCorr    .         Rampage  .   (no gloves)
MR       .....                  (no boots)
Stlth    ++........             (no amulet)
HPRegen  0.00/turn              (no ring)
MPRegen  0.09/turn              (no ring)

@: no status effects
A: rotting body, claws 1, cold resistance 1, negative energy resistance 3,
inhibited regeneration, torment resistance, unbreathing
a: no special abilities


You were on level 4 of the Dungeon.
You visited 1 branch of the dungeon, and saw 4 of its levels.

You collected 204 gold pieces.

Inventory:

Hand Weapons
 d - a +1 dagger of electrocution (weapon)
Missiles
 k - 17 poisoned darts (quivered)
Armour
 a - a +0 robe (worn)
Wands
 i - a wand of disintegration (16)
Scrolls
 b - 2 scrolls of remove curse
 c - 4 scrolls of blinking
 h - a scroll of fear {unknown}
Potions
 e - 2 potions of mutation
 f - a potion of stabbing {unknown}
 j - a potion of lignification {unknown}
 l - a potion of flight {unknown}
 m - a potion of brilliance {unknown}


   Skills:
 + Level 2.1 Fighting
 - Level 1.7 Dodging
 - Level 3.0 Stealth
 - Level 1.3 Unarmed Combat
 - Level 1.7 Spellcasting
 + Level 4.8 Necromancy


You had one spell level left.
You knew the following spells:

 Your Spells              Type           Power        Failure   Level
a - Pain                  Necr           ##..         4%          1
b - Animate Skeleton      Necr           ##....       4%          1
c - Vampiric Draining     Necr           ##........   12%         3

Your spell library contained the following spells:

 Spells                   Type           Power        Failure   Level
 Animate Dead             Necr           ##........   38%         4
 Agony                    Necr           ##......     75%         5


Dungeon Overview and Level Annotations

Branches:
Dungeon (4/15)
 Temple: D:4-7

Altars:
Wu Jian

Annotations:
D:2 Jessica, Terence
D:3 1 runed translucent door, daodarkstar's ghost, weakling DsFE


Innate Abilities, Weirdness & Mutations

Your body is rotting away.
You thrive by killing the living.
You are immune to poison.
You have sharp fingernails.
Your flesh is cold resistant. (rC+)
You are immune to negative energy. (rN+++)
You do not regenerate when monsters are visible.
You are immune to unholy pain and torment.
You can survive without breathing.


Message History

Okay, then.
Casting: Pain (safe; 4% risk of failure)
Confirm with . or Enter, or press ? or * to list all spells.
Aiming: Pain (safe; 4% risk of failure)
Press: ? - help, Shift-Dir - straight line, f - ogre
Aim: an ogre, wielding a +0 giant spiked club (heavily wounded, chance to defeat MR: 66%)
The ogre writhes in agony.
Found a club.
The quokka barely misses you. x2
You hit the quokka.
The quokka is severely wounded.
The quokka bites you. The ogre barely misses you.
You hit the quokka.
The quokka is almost dead.
The quokka bites you.
You barely miss the quokka.
The quokka is almost dead.
The ogre hits you with a +0 giant spiked club!!
Ouch! That really hurt!
You die...

#############
#...........#
#.#########.#
####.# #O#
#§.O.# #@#
###### #r#
).# ####


You could see an ogre and a quokka.

Vanquished Creatures
  Robin (D:1)
  2 adders
  2 dart slugs (D:3)
  4 orcs (D:3)
  A giant cockroach (D:3)
  10 goblins
  5 hobgoblins
  4 jackals (D:1)
  5 kobolds
  A quokka (D:3)
  A ball python (D:3)
  4 bats
  4 frilled lizards
  5 rats
49 creatures vanquished.

Notes
Turn   | Place    | Note
-------+----------+-------------------------------------------
     0 | D:1      | DogServant the Ghoul Necromancer began the quest for the
                  | Orb.
     0 | D:1      | Reached XP level 1. HP: 14/14 MP: 2/2
   331 | D:1      | Reached XP level 2. HP: 20/20 MP: 0/3
   643 | D:1      | Reached skill level 1 in Unarmed Combat
  1461 | D:2      | Reached XP level 3. HP: 24/27 MP: 0/4
  1508 | D:2      | Noticed Robin
  1627 | D:1      | Reached skill level 1 in Fighting
  1673 | D:2      | Noticed Jessica
  1749 | D:1      | Killed Robin
  1749 | D:1      | Reached XP level 4. HP: 10/35 MP: 0/5
  2077 | D:2      | Found an ornate altar of the Wu Jian Council.
  2084 | D:2      | Learned a level 1 spell: Animate Skeleton
  2088 | D:2      | Learned a level 3 spell: Vampiric Draining
  2149 | D:2      | Noticed Terence
  2781 | D:3      | Found a runed translucent door.
  2789 | D:3      | Noticed daodarkstar's ghost (weakling DsFE)
  2964 | D:3      | Found a faded altar of an unknown god.
  3032 | D:4      | Noticed an ogre
  3273 | D:4      | Mangled by an ogre

Illustrated notes

Levels and vault maps discovered:
D:1:      nzn_arrival_water_spiral, layout_basic, minmay_fountain_box,
          minmay_octomino_c4
D:2:      layout_rooms, overflow_temple_1_default,
          chequers_serial_rivers_small_a, uniq_robin, uniq_terence, uniq_jessica
D:3:      layout_loops_ring, chequers_ecumenical_altar_grove,
          ebering_ghost_reflecting_pool, kennysheep_generic_room_3
D:4:      layout_basic, old_standard_altar, minmay_temple_entry_fiery,
          uniq_sigmund

Skill      XL: |  1  2  3  4 |
---------------+-------------+-----
Unarmed Combat | 1 |  1.3
Stealth        | 3 |  3.0
Fighting       | 1 2 |  2.1
Dodging        | |  1.7
Spellcasting   | |  1.7
Necromancy     | |  4.8

Action                   |  1- 3 |  4- 6 || total
-------------------------+-------+-------++-------
Melee: Unarmed           |    53 |     4 ||    57
       Dagger            |       |    39 ||    39
       Punch             |       |     1 ||     1
Throw: Dart              |       |     2 ||     2
 Cast: Pain              |    41 |    29 ||    70
       Vampiric Draining |       |     2 ||     2
  Use: Scroll            |     2 |     3 ||     5
 Stab: Sleeping          |     1 |     1 ||     2
Armor: Robe              |    16 |    10 ||    26
Dodge: Dodged            |    93 |    36 ||   129

Table legend: (Time is in decaauts)
 A = Elapsed time spent in this place.
 B = Non-inter-level travel time spent in this place.
 C = Inter-level travel time spent in this place.
 D = Time resting spent in this place.
 E = Time spent auto-exploring this place.
 F = Levels seen in this place.
 G = Mean time per level.
                   A        B        C        D        E       F      G
               +--------+--------+--------+--------+--------+-----+--------+
         Total |   3276 |   3131 |    145 |   1192 |   1421 |   4 |  819.0 |
       Dungeon |   3276 |   3131 |    145 |   1192 |   1421 |   4 |  819.0 |
               +--------+--------+--------+--------+--------+-----+--------+

Top non-repeatable levels by time:
     D:1: 2060 daAuts
     D:3: 1035 daAuts
     D:2: 125 daAuts
     D:4: 55 daAuts
